 Dungeon Crawl Stone Soup version 0.31.0-9-g3a7656b989 (webtiles) character file.

Game seed: 8669808040866261069

3004 gpo23 the Fighter (level 9, -9/73 HPs)
             Began as a Minotaur Berserker on Jan 24, 2024.
             Was a Priest of Trog.
             Mangled by a small abomination (11 damage)
             ... on level 1 of the Abyss.
             The game lasted 00:19:25 (6531 turns).

gpo23 the Fighter (Minotaur Berserker)              Turns: 6531, Time: 00:19:25

Health: -9/73      AC: 13    Str: 26    XL:     9   Next: 54%
Magic:  17/17      EV: 12    Int:  7    God:    Trog [***...]
Gold:   359        SH:  0    Dex:  8    Spells: 8/8 levels left

rFire   + . .        l - +0 falchion (protect)
rCold   . . .        (no shield)
rNeg    . . .        n - +4 scale mail of Joy {rF+ MP+9 Int+3}
rPois   .            (helmet restricted)
rElec   .            (no cloak)
rCorr   .            r - +0 pair of gloves
SInv    .            (no boots)
Will    .....        (no amulet) Stlth
                     (no ring)
HPRegen 0.32/turn    (no ring)
MPRegen 0.15/turn

%: no passive effects
@: no status effects
A: horns 2, retaliatory headbutt, clumsy 1, frail 1, screaming 1, no potion heal
1, devolution 1
a: Renounce Religion, Berserk, Trog's Hand


You were on level 1 of the Abyss.
You worshipped Trog.
Trog was most pleased with you.
You visited 2 branches of the dungeon, and saw 9 of its levels.
You visited the Abyss 1 time.

You collected 359 gold pieces.

Inventory:

Hand Weapons
 l - a +0 falchion of protection (weapon)
 s - the +1 long sword of Disarray {freeze, *Noise rF+ Dex+4 Stlth+}
   (You found it on level 5 of the Dungeon)

   Dex+4:     It affects your dexterity (+4).
   rF+:       It protects you from fire.
   *Noise:    It may make a loud noise when swung.
   Stlth+:    It makes you more stealthy.
Armour
 n - the +4 scale mail of Joy (worn) {rF+ MP+9 Int+3}
   (You found it on level 3 of the Dungeon)

   Int+3:     It affects your intelligence (+3).
   rF+:       It protects you from fire.
   MP+9:      It affects your magic capacity (+9).
 r - a +0 pair of gloves (worn)
Wands
 e - a wand of flame (34)
 t - a wand of quicksilver (8)
 u - a wand of paralysis (9)
Scrolls
 a - a scroll of poison
 c - 4 scrolls of identify
 h - a scroll of teleportation
 j - a scroll of noise {unknown}
 k - 2 scrolls of enchant armour
 o - a scroll of fear {unknown}
 p - a scroll of blinking {unknown}
 v - 2 scrolls of summoning {unknown}
Potions
 b - a potion of berserk rage {unknown}
 d - a potion of heal wounds
 f - 2 potions of haste {unknown}
 g - 8 potions of curing {unknown}
 i - a potion of resistance {unknown}
 m - 3 potions of mutation {unknown}
 q - a potion of degeneration {unknown}


   Skills:
 + Level 8.8 Fighting
 + Level 8.7 Axes
 + Level 8.4 Armour
 + Level 7.6 Dodging


You had 8 spell levels left.
You didn't know any spells.
Your spell library was empty.

Dungeon Overview and Level Annotations

Branches:
Dungeon (8/15)             Temple (1/1) D:5
   Lair: D:8-11

Altars:
Ashenzari
Cheibriados
Elyvilon
Fedhas
Gozag
Hepliaklqana
Kikubaaqudgha
Nemelex Xobeh
Okawaru
Qazlal
Ru
Sif Muna
Uskayaw
Vehumet
Wu Jian
Xom
Zin
The Shining One


Innate Abilities, Weirdness & Mutations

You have a pair of horns on your head.
You reflexively headbutt those who attack you in melee.
You are clumsy. (Dex -2)
You are frail. (-10% HP)
You occasionally shout uncontrollably at your foes.
Potions are less effective at restoring your health.
You have hidden genetic defects.


Message History

The small abomination closely misses you.
A lurking horror comes into view.
The small abomination hits you but does no damage.
You enter the shallow water.
Moving in this stuff is going to be slow.
The small abomination closely misses you.
You furiously retaliate!
You headbutt the small abomination. Why would you want to do that?
Why would you want to do that? Why would you want to do that?
Why would you want to do that? Why would you want to do that?
Why would you want to do that? Why would you want to do that?
Why would you want to do that? Why would you want to do that?
Why would you want to do that? Why would you want to do that?
Why would you want to do that? Why would you want to do that?
Why would you want to do that? Why would you want to do that?
Why would you want to do that?
A raiju comes into view.
You yell at the raiju!
The raiju barks!
The small abomination hits you.
* * * LOW HITPOINT WARNING * * *
You hit the small abomination.
The small abomination is heavily damaged.
The small abomination hits you.
* * * LOW HITPOINT WARNING * * *
The small abomination hits you but does no damage.
The small abomination hits you!
* * * LOW HITPOINT WARNING * * *
You feel a surge of unholy energy.
The shining eye convulses!
The raiju convulses! x3
The small abomination attacks as it pursues you!
The small abomination hits you!
You die...

...#..#
##.######..#...#
.. #.#......#...
≈#~#≈~~~#~h.~~~##.
~.~..≈h≈h≈#~~~~~~
.#.....G..##.#.##.
.....#..##.h...#
..###...x...#.##
.. .#.#.@#.#...
#.#.#..# #.###
###...#. . ####...
# #..#.. . ##. #.
.# #


You could see a shining eye, 2 raiju and a small abomination.

Vanquished Creatures
  Pikel (D:7)
  A hornet (D:8)
  Prince Ribbit (D:6)
  Sigmund (D:6)
  A wyvern (D:6)
  A steam dragon (D:6)
  2 water moccasins
  2 centaurs
  2 phantoms
  A lemure (D:7)
  3 scorpions
  2 bullfrogs
  A gnoll sergeant (D:6)
  3 howler monkeys (D:7)
  5 hounds
  2 jellies
  3 bombardier beetles
  A sleepcap (D:6)
  2 iguanas
  3 orc wizards
  5 gnolls (D:6)
  7 adders
  4 shadow imps
  2 white imps
  2 dart slugs
  18 orcs
  8 ball pythons
  12 bats
  3 endoplasms
  A giant cockroach (D:1)
  8 goblins
  7 hobgoblins
  5 quokkas
  6 frilled lizards
  10 kobolds
  3 rats
139 creatures vanquished.

Vanquished Creatures (others)
  A lurking horror (Abyss:1)
1 creature vanquished.

Grand Total: 140 creatures vanquished

Notes
Turn   | Place    | Note
-------+----------+-------------------------------------------
     0 | D:1      | gpo23 the Minotaur Berserker began the quest for the Orb.
     0 | D:1      | Reached XP level 1. HP: 19/19 MP: 0/0
   193 | D:1      | Reached XP level 2. HP: 27/27 MP: 1/1
   492 | D:1      | Reached ** piety under Trog
   541 | D:1      | Reached XP level 3. HP: 32/33 MP: 2/2
  1148 | D:2      | Reached XP level 4. HP: 34/40 MP: 3/3
  1529 | D:2      | Found a faded altar of an unknown god.
  1747 | D:3      | Found an ancient bone altar of Kikubaaqudgha.
  2032 | D:3      | Identified the +4 scale mail of Joy {rF+ MP+9 Int+3}
  2068 | D:3      | Reached XP level 5. HP: 46/47 MP: 4/4
  2398 | D:4      | Noticed a phantom
  2408 | D:4      | Killed a phantom
  2423 | D:4      | Reached skill level 5 in Fighting
  2423 | D:4      | Reached skill level 5 in Axes
  2584 | D:4      | Reached *** piety under Trog
  2661 | D:4      | Reached XP level 6. HP: 54/56 MP: 5/5
  2933 | D:5      | Entered Level 5 of the Dungeon
  3002 | D:5      | You fall into a shaft and drop 1 floor!
  3007 | D:6      | Noticed Sigmund
  3013 | D:6      | Killed Sigmund
  3159 | D:6      | Reached skill level 5 in Armour
  3225 | D:6      | Reached XP level 7. HP: 62/62 MP: 6/6
  3548 | D:6      | Reached skill level 5 in Dodging
  3685 | D:6      | Noticed a wyvern
  3690 | D:6      | Killed a wyvern
  3741 | D:6      | Noticed a steam dragon
  3755 | D:6      | Killed a steam dragon
  3856 | D:6      | Found a sacrificial altar of Ru.
  3981 | D:6      | Reached XP level 8. HP: 64/71 MP: 7/7
  4178 | D:6      | Noticed Prince Ribbit
  4198 | D:6      | Killed Prince Ribbit
  4657 | D:5      | Found a staircase to the Ecumenical Temple.
  4658 | D:5      | Identified the +1 long sword of Disarray {freeze, *Noise
                  | rF+ Dex+4 Stlth+}
  4762 | D:5      | Found an iron altar of Okawaru.
  4907 | Temple   | Entered the Ecumenical Temple
  5262 | D:7      | Noticed Pikel
  5289 | D:7      | Killed Pikel
  5290 | D:7      | Reached XP level 9. HP: 26/81 MP: 8/8
  5892 | D:7      | Found an opulent altar of Gozag.
  5896 | D:7      | Found an ornate altar of the Wu Jian Council.
  5896 | D:7      | Found a hazy altar of Hepliaklqana.
  5901 | D:7      | Found a hide-covered altar of Uskayaw.
  6095 | D:8      | Found a glowing golden altar of the Shining One.
  6102 | D:8      | Paralysed by a hornet for 3 turns
  6393 | D:8      | Found a shimmering altar of Xom.
  6398 | D:8      | Found a snail-covered altar of Cheibriados.
  6480 | Abyss:1  | Cast into level 1 of the Abyss (kobold brigand)
  6501 | Abyss:1  | Noticed a shining eye
  6502 | Abyss:1  | Gained mutation: Potions are less effective at restoring
                  | your health. [a shining eye]
  6504 | Abyss:1  | Gained mutation: You are frail. (-10% HP) [a shining eye]
  6507 | Abyss:1  | Gained mutation: You occasionally shout uncontrollably at
                  | your foes. [a shining eye]
  6508 | Abyss:1  | Gained mutation: You are clumsy. (Dex -2) [a shining eye]
  6519 | Abyss:1  | Gained mutation: You have hidden genetic defects. [a
                  | shining eye]
  6529 | Abyss:1  | HP: 2/73 [small abomination (7)]
  6531 | Abyss:1  | Mangled by a small abomination

Illustrated notes

Levels and vault maps discovered:
D:1:      dpeg_arrival_stonehenge_12_columns, layout_basic,
          amcnicky_mini_pool_small, minivault_4
D:2:      layout_loops_corners, hellmonk_ecumenical_altar_heavens_door
D:3:      layout_basic, old_standard_altar
D:4:      layout_basic, roderic_batcave
D:5:      layout_cave_pools, kennysheep_okawaru_gauntlet,
          minmay_temple_entry_statues_fountains
D:6:      layout_loops_corners, nicolae_ru_the_path_less_chosen, corexii_shack,
          uniq_prince_ribbit1, uniq_sigmund
D:7:      layout_rooms, minitemple, corexii_leaking_fountain, uniq_pikel
D:8:      layout_basic, mainiacjoe_overflow_swirl, grunt_temple_overflow_open
Temple:   nicolae_temple_superstar
Abyss:1:  base: D:2, minivault_25

Skill      XL: |  1  2  3  4  5  6  7  8  9 |
---------------+----------------------------+-----
Fighting       | 4 5 6 8 |  8.8
Axes           | 4 5 6 8 |  8.7
Armour         | 3 4 5 6 7 8 |  8.4
Dodging        | 3 4 5 7 |  7.6

Action                     |  1- 3 |  4- 6 |  7- 9 || total
---------------------------+-------+-------+-------++-------
  Melee: Hand axe          |    65 |     8 |       ||    73
         Headbutt          |     9 |    22 |    48 ||    79
         Falchion          |       |   125 |   246 ||   371
         Punch             |       |     4 |     2 ||     6
 Invoke: Berserk           |       |     3 |     8 ||    11
    Use: Scroll            |       |     5 |     2 ||     7
         Potion            |       |       |     2 ||     2
 Armour: Animal skin       |    27 |       |       ||    27
         Leather armour    |     9 |    23 |       ||    32
         Scale mail        |       |    51 |   388 ||   439
  Dodge: Dodged            |    43 |    98 |   256 ||   397
